General information
- name: BNet
- type: Ladder team game (AT/RT)
- host: Battle.net
- saver: greasy_granny
map: MarketSquare
- players: 8
- length: 32:52
- speed: Fast
- version: 1.26 W3XP
- replay type: Public
» download(187 KB)
Players
team 1 (winner)
machx (
teal | 74 APM | 2430 actions | 32:51)
7 Goblin Tinker
3 Pocket Factory
3 Engineering Upgrade
1 Robo-Goblin
» actions
| Assign group hotkey | 338 | |
| Basic commands | 200 | |
| Build / train | 83 | |
| ESC pressed | 1 | |
| Enter build submenu | 16 | |
| Enter hero's abilities submenu | 7 | |
| Give item / drop item | 1 | |
| Right click | 1055 | |
| Select / deselect | 186 | |
| Select group hotkey | 447 | |
| Use ability | 96 | |
2430 total
» units
| Peasant | 8 | |
| Spell Breaker | 8 | |
| Knight | 13 | |
29 total
» upgrades
| Masonry | 2 | |
| Swords | 3 | |
| Plating | 4 | |
| Lumber Harvesting | 1 | |
| Animal War Training | 1 | |
| Control Magic | 1 | |
12 total
» buildings
| Farm | 7 | |
| Scout Tower | 2 | |
| Arcane Tower | 1 | |
| Lumber Mill | 1 | |
| Altar of Kings | 1 | |
| Guard Tower | 3 | |
| Keep | 5 | |
| Arcane Vault | 1 | |
| Castle | 1 | |
| Arcane Sanctum | 1 | |
| Blacksmith | 1 | |
| Barracks | 1 | |
25 total
» build order
00:22 Farm
00:39 Scout Tower
01:01 Farm
01:07 Scout Tower
01:09 Arcane Tower
01:14 Lumber Mill
01:47 Altar of Kings
02:07 Guard Tower
02:08 Guard Tower
02:52 Keep
02:53 Keep
02:53 Keep
04:06 Arcane Vault
05:18 Castle
05:26 Arcane Sanctum
05:28 Blacksmith
06:48 Barracks
06:50 Farm
06:52 Farm
06:52 Farm
06:54 Farm
13:54 Farm
» items
| Potion of Healing | 4 | |
| Potion of Mana | 1 | |
| Scroll of Regeneration | 6 | |
| Boots of Speed | 1 | |
| Scroll of Town Portal | 7 | |
19 total

»
greasy_granny (
pink | 71 APM | 2334 actions | 32:52)
8 Goblin Tinker
3 Pocket Factory
3 Engineering Upgrade
1 Robo-Goblin
1 Cluster Rockets
» actions
| Assign group hotkey | 107 | |
| Basic commands | 89 | |
| Build / train | 134 | |
| ESC pressed | 7 | |
| Enter build submenu | 81 | |
| Enter hero's abilities submenu | 8 | |
| Give item / drop item | 4 | |
| Right click | 878 | |
| Select / deselect | 268 | |
| Select group hotkey | 579 | |
| Use ability | 179 | |
2334 total
» units
» upgrades
| Nature's Blessing | 1 | |
| Ultravision | 1 | |
| Strength of the Wild | 3 | |
| Reinforced Hides | 3 | |
| Corrosive Breath | 1 | |
| Well Spring | 1 | |
10 total
» buildings
| Altar of Elders | 1 | |
| Moon Well | 8 | |
| Ancient of War | 2 | |
| Tree of Life | 4 | |
| Tree of Ages | 1 | |
| Hunter's Hall | 1 | |
| Tree of Eternity | 1 | |
| Ancient Protector | 43 | |
| Ancient of Wind | 2 | |
| Chimaera Roost | 16 | |
79 total
» build order
00:16 Altar of Elders
00:19 Moon Well
01:16 Ancient of War
01:47 Ancient of War
02:11 Moon Well
03:05 Tree of Life
03:56 Moon Well
03:57 Moon Well
04:21 Tree of Life
04:55 Tree of Ages
05:45 Hunter's Hall
07:20 Tree of Eternity
07:26 Ancient Protector
07:27 Ancient Protector
07:27 Ancient Protector
07:38 Ancient Protector
07:46 Ancient Protector
07:47 Ancient Protector
07:48 Ancient Protector
07:48 Ancient Protector
07:52 Ancient Protector
08:51 Ancient Protector
08:52 Ancient Protector
08:52 Ancient Protector
08:53 Ancient Protector
09:06 Ancient of Wind
09:38 Moon Well
09:39 Moon Well
09:40 Moon Well
09:43 Moon Well
10:25 Chimaera Roost
10:25 Chimaera Roost
10:26 Chimaera Roost
10:26 Chimaera Roost
11:00 Chimaera Roost
11:00 Chimaera Roost
11:03 Chimaera Roost
13:43 Ancient Protector
13:44 Ancient Protector
13:45 Ancient Protector
13:46 Ancient Protector
13:47 Ancient Protector
13:51 Ancient Protector
13:53 Ancient Protector
13:54 Ancient Protector
14:00 Ancient Protector
14:01 Ancient Protector
14:01 Ancient Protector
14:06 Ancient Protector
14:08 Ancient Protector
16:05 Ancient of Wind
17:36 Chimaera Roost
17:37 Chimaera Roost
17:37 Chimaera Roost
17:38 Chimaera Roost
17:38 Chimaera Roost
18:28 Tree of Life
19:24 Tree of Life
19:49 Ancient Protector
19:50 Ancient Protector
19:50 Ancient Protector
19:51 Ancient Protector
20:23 Ancient Protector
20:23 Ancient Protector
24:18 Ancient Protector
24:19 Ancient Protector
24:19 Ancient Protector
24:19 Ancient Protector
24:20 Ancient Protector
24:20 Ancient Protector
24:21 Ancient Protector
24:22 Ancient Protector
24:22 Ancient Protector
24:22 Ancient Protector
26:08 Chimaera Roost
26:08 Chimaera Roost
26:10 Chimaera Roost
26:10 Chimaera Roost
» items
| Boots of Speed | 1 | |
| Potion of Invisibility | 3 | |
| Staff of Teleportation | 1 | |
| Scroll of Town Portal | 1 | |
6 total
ZL2 (
yellow | 32 APM | 1039 actions | 32:51)
8 Dark Ranger
3 Black Arrow
3 Silence
1 Charm
1 Life Drain
» actions
| Build / train | 110 | |
| Enter build submenu | 17 | |
| Enter hero's abilities submenu | 8 | |
| Right click | 548 | |
| Select / deselect | 317 | |
| Use ability | 39 | |
1039 total
» units
| Acolyte | 14 | |
| Ghoul | 14 | |
| Crypt Fiend | 60 | |
88 total
» upgrades
| Creature Attack | 3 | |
| Creature Carapace | 3 | |
| Web | 1 | |
7 total
» buildings
| Ziggurat | 8 | |
| Altar of Darkness | 1 | |
| Crypt | 3 | |
| Graveyard | 1 | |
| Halls of the Dead | 1 | |
| Black Citadel | 1 | |
| Spirit Tower | 1 | |
| Tomb of Relics | 1 | |
17 total
» build order
00:07 Ziggurat
00:10 Altar of Darkness
00:31 Ziggurat
00:57 Crypt
01:19 Graveyard
05:47 Ziggurat
06:31 Crypt
08:03 Halls of the Dead
10:05 Ziggurat
12:47 Ziggurat
12:57 Black Citadel
13:48 Ziggurat
13:54 Ziggurat
15:13 Ziggurat
16:09 Spirit Tower
16:45 Tomb of Relics
26:40 Crypt
» items
| Scroll of Town Portal | 1 | |
| Orb of Corruption | 1 | |
2 total
walmartpimp (
green | 70 APM | 2297 actions | 32:51)
9 Blademaster
3 Wind Walk
3 Critical Strike
1 Bladestorm
2 Mirror Image
» actions
| Assign group hotkey | 55 | |
| Basic commands | 81 | |
| Build / train | 78 | |
| ESC pressed | 4 | |
| Enter build submenu | 28 | |
| Enter hero's abilities submenu | 10 | |
| Give item / drop item | 2 | |
| Remove unit from queue | 2 | |
| Right click | 540 | |
| Select / deselect | 211 | |
| Select group hotkey | 1230 | |
| Use ability | 56 | |
2297 total
» units
| Peon | 20 | |
| Grunt | 6 | |
| Tauren | 10 | |
| Troll Witch Doctor | 3 | |
| Shaman | 6 | |
45 total
» upgrades
| Armor | 3 | |
| Melee Weapons | 3 | |
| Witch Doctor Training | 2 | |
| Shaman Training | 2 | |
| Pulverize | 1 | |
11 total
» buildings
| Altar of Storms | 1 | |
| Orc Burrow | 9 | |
| Barracks | 1 | |
| Voodoo Lounge | 1 | |
| Stronghold | 1 | |
| War Mill | 1 | |
| Great Hall | 2 | |
| Watch Tower | 4 | |
| Fortress | 1 | |
| Spirit Lodge | 2 | |
| Tauren Totem | 2 | |
25 total
» build order
00:30 Altar of Storms
00:36 Orc Burrow
01:33 Orc Burrow
02:22 Barracks
02:28 Voodoo Lounge
03:33 Orc Burrow
03:56 Orc Burrow
05:33 Stronghold
05:37 Orc Burrow
05:59 War Mill
06:53 Great Hall
07:19 Watch Tower
07:21 Watch Tower
07:22 Watch Tower
07:57 Fortress
08:58 Orc Burrow
09:26 Spirit Lodge
09:30 Spirit Lodge
10:33 Watch Tower
10:55 Tauren Totem
11:18 Tauren Totem
13:29 Orc Burrow
13:32 Orc Burrow
14:54 Orc Burrow
20:49 Great Hall
» items
| Healing Salve | 2 | |
| Scroll of Healing | 1 | |
| Potion of Lesser Invulnerability | 2 | |
| Orb of Lightning | 1 | |
| Scroll of Town Portal | 1 | |
| Boots of Speed | 1 | |
8 total
team 2 (loser)
deMolka (
blue | 19 APM | 572 actions | 29:39)
9 Priestess of the Moon
3 Scout
3 Trueshot Aura
1 Starfall
2 Searing Arrows
» actions
| Assign group hotkey | 2 | |
| Build / train | 66 | |
| Enter build submenu | 15 | |
| Enter hero's abilities submenu | 9 | |
| Give item / drop item | 2 | |
| Right click | 238 | |
| Select / deselect | 198 | |
| Use ability | 42 | |
572 total
» units
| Wisp | 12 | |
| Huntress | 4 | |
| Dryad | 8 | |
| Faerie Dragon | 4 | |
| Hippogryph | 10 | |
| Chimaera | 3 | |
41 total
» upgrades
| Strength of the Wild | 3 | |
| Reinforced Hides | 3 | |
| Abolish Magic | 1 | |
| Corrosive Breath | 1 | |
| Well Spring | 1 | |
9 total
» buildings
| Altar of Elders | 1 | |
| Moon Well | 7 | |
| Hunter's Hall | 1 | |
| Ancient of War | 1 | |
| Ancient of Wonders | 1 | |
| Tree of Ages | 1 | |
| Ancient of Lore | 1 | |
| Ancient of Wind | 1 | |
| Tree of Eternity | 1 | |
| Chimaera Roost | 1 | |
| Tree of Life | 1 | |
17 total
» build order
00:10 Altar of Elders
00:15 Moon Well
01:16 Hunter's Hall
01:45 Ancient of War
01:59 Moon Well
02:31 Ancient of Wonders
03:08 Tree of Ages
03:41 Moon Well
04:26 Moon Well
05:39 Ancient of Lore
05:44 Ancient of Wind
06:09 Tree of Eternity
07:55 Moon Well
08:58 Chimaera Roost
09:25 Moon Well
11:14 Moon Well
21:08 Tree of Life
» items
| Scroll of Regeneration | 1 | |
| Anti-magic Potion | 1 | |
| Moonstone | 2 | |
4 total

»
Boris_X1V (
orange | 61 APM | 1071 actions | 17:25)
5 Shadow Hunter
3 Serpent Ward
2 Healing Wave
2 Tauren Chieftain
1 Endurance Aura
1 War Stomp
» actions
| Assign group hotkey | 10 | |
| Build / train | 37 | |
| Enter build submenu | 16 | |
| Enter hero's abilities submenu | 8 | |
| Right click | 338 | |
| Select / deselect | 179 | |
| Select group hotkey | 418 | |
| Use ability | 65 | |
1071 total
» units
| Peon | 8 | |
| Grunt | 2 | |
| Troll Witch Doctor | 6 | |
| Tauren | 3 | |
19 total
» upgrades
| Armor | 3 | |
| Witch Doctor Training | 2 | |
| Melee Weapons | 1 | |
6 total
» buildings
| Altar of Storms | 1 | |
| Orc Burrow | 6 | |
| War Mill | 1 | |
| Barracks | 1 | |
| Watch Tower | 1 | |
| Stronghold | 1 | |
| Voodoo Lounge | 1 | |
| Fortress | 1 | |
| Spirit Lodge | 2 | |
| Great Hall | 1 | |
| Tauren Totem | 1 | |
17 total
» build order
00:13 Altar of Storms
00:22 Orc Burrow
01:09 War Mill
01:32 Barracks
02:07 Orc Burrow
02:59 Orc Burrow
03:24 Watch Tower
03:34 Stronghold
05:14 Voodoo Lounge
06:13 Fortress
06:23 Spirit Lodge
06:28 Spirit Lodge
07:47 Great Hall
09:53 Tauren Totem
11:15 Orc Burrow
14:34 Orc Burrow
14:36 Orc Burrow
» items
muchentuchenHD (
purple | 27 APM | 888 actions | 32:51)
4 Mountain King
2 Storm Bolt
2 Thunder Clap
» actions
| Basic commands | 203 | |
| Build / train | 115 | |
| Enter build submenu | 35 | |
| Enter hero's abilities submenu | 4 | |
| Remove unit from queue | 1 | |
| Right click | 40 | |
| Select / deselect | 353 | |
| Use ability | 137 | |
888 total
» units
| Peasant | 39 | |
| Footman | 9 | |
| Gryphon Rider | 14 | |
| Knight | 7 | |
69 total
» upgrades
| Masonry | 3 | |
| Lumber Harvesting | 2 | |
| Swords | 3 | |
| Armor | 4 | |
| Plating | 3 | |
| Storm Hammers | 1 | |
| Animal War Training | 1 | |
17 total
» buildings
| Altar of Kings | 1 | |
| Farm | 11 | |
| Barracks | 1 | |
| Lumber Mill | 1 | |
| Scout Tower | 22 | |
| Guard Tower | 18 | |
| Town Hall | 1 | |
| Keep | 1 | |
| Castle | 1 | |
| Blacksmith | 1 | |
| Gryphon Aviary | 2 | |
| Arcane Tower | 3 | |
| Arcane Vault | 1 | |
64 total
» build order
00:22 Altar of Kings
00:38 Farm
00:53 Barracks
01:07 Farm
01:24 Lumber Mill
01:46 Farm
02:08 Scout Tower
02:20 Farm
02:38 Guard Tower
02:41 Scout Tower
02:46 Scout Tower
03:12 Guard Tower
03:14 Guard Tower
04:28 Scout Tower
04:30 Scout Tower
04:32 Scout Tower
04:37 Town Hall
04:48 Keep
05:00 Guard Tower
05:16 Guard Tower
08:24 Scout Tower
08:26 Scout Tower
08:28 Scout Tower
08:29 Scout Tower
08:52 Guard Tower
09:11 Castle
09:16 Guard Tower
09:19 Guard Tower
09:23 Guard Tower
10:11 Scout Tower
10:15 Scout Tower
10:27 Blacksmith
10:31 Gryphon Aviary
10:36 Gryphon Aviary
10:45 Arcane Tower
11:09 Arcane Tower
11:39 Scout Tower
11:42 Scout Tower
11:53 Castle
12:07 Guard Tower
12:29 Arcane Tower
13:07 Arcane Vault
13:50 Farm
13:53 Farm
15:14 Scout Tower
15:16 Scout Tower
15:17 Scout Tower
15:18 Scout Tower
16:12 Guard Tower
16:34 Guard Tower
16:38 Guard Tower
16:41 Guard Tower
23:59 Farm
24:03 Farm
24:04 Farm
24:05 Farm
24:08 Farm
25:07 Scout Tower
25:09 Scout Tower
25:10 Scout Tower
25:10 Scout Tower
26:02 Guard Tower
26:04 Guard Tower
26:42 Guard Tower
26:50 Guard Tower
chista (
red | 32 APM | 857 actions | 26:46)
6 Archmage
3 Summon Water Elemental
2 Brilliance Aura
1 Mass Teleport
3 Paladin
1 Devotion Aura
1 Divine Shield
1 Holy Light
» actions
| Assign group hotkey | 16 | |
| Basic commands | 177 | |
| Build / train | 65 | |
| Enter build submenu | 15 | |
| Enter hero's abilities submenu | 9 | |
| Remove unit from queue | 3 | |
| Right click | 142 | |
| Select / deselect | 206 | |
| Select group hotkey | 187 | |
| Use ability | 37 | |
857 total
» units
| Peasant | 14 | |
| Footman | 3 | |
| Rifleman | 6 | |
| Dragonhawk Rider | 7 | |
| Knight | 6 | |
36 total
» upgrades
| Defend | 1 | |
| Swords | 1 | |
| Plating | 1 | |
| Long Rifles | 1 | |
| Armor | 2 | |
| Gunpowder | 3 | |
| Lumber Harvesting | 1 | |
| Cloud | 1 | |
| Animal War Training | 1 | |
12 total
» buildings
| Altar of Kings | 1 | |
| Farm | 10 | |
| Barracks | 1 | |
| Arcane Vault | 1 | |
| Lumber Mill | 2 | |
| Blacksmith | 1 | |
| Keep | 1 | |
| Gryphon Aviary | 2 | |
| Castle | 1 | |
| Town Hall | 1 | |
21 total
» build order
00:09 Altar of Kings
00:14 Farm
00:58 Barracks
01:19 Farm
02:01 Farm
02:07 Arcane Vault
02:46 Lumber Mill
02:52 Lumber Mill
03:17 Blacksmith
03:51 Farm
03:59 Keep
08:01 Gryphon Aviary
08:02 Gryphon Aviary
09:27 Farm
09:28 Farm
09:29 Farm
09:30 Farm
09:32 Farm
09:33 Farm
09:55 Castle
20:24 Town Hall
» items
Chat log
(00:31 / Allies) machx: hai
(00:43 / Allies) ZL2: yo
(00:46 / Allies) ZL2: fiends dr
(00:49 / Allies) machx: sup jiggas
(05:25 / Allies) greasy_granny: u guys afk?
(05:28 / Allies) greasy_granny: noone ahs left their base
(05:34 / Allies) machx: i creep
(08:12 / All) greasy_granny: my team wants a truce
(08:14 / All) greasy_granny: is that ok with u guys
(10:29 / Allies) greasy_granny: wood pls
(11:32 / All) greasy_granny: so far youve gotten 120 gold out of that mine
(11:33 / All) greasy_granny: lol
(13:42 / Allies) machx: get aa
(13:50 / Allies) ZL2: i have it
(14:08 / Allies) machx: not sure if that is adequate
(15:14 / Allies) greasy_granny: im not defending that
(15:17 / Allies) greasy_granny: you noobs have to do somethign this game
(15:20 / Allies) greasy_granny: besides creep green spots
(15:29 / Allies) machx: how about leave
(15:31 / Allies) machx: and u play alone
(15:34 / Allies) greasy_granny: go for it
(17:05 / Allies) greasy_granny: look at johnny come lately here
(17:08 / Allies) greasy_granny: hes here to save the day
(17:13 / Allies) greasy_granny: and kill a guys barracks
(17:16 / Allies) greasy_granny: who is at 10/0 food
(17:26 / Allies) machx: were u born a bitch?
(17:31 / Allies) greasy_granny: rt made me one
(17:40 / Allies) walmartpimp: i took out most their army
(17:42 / Allies) walmartpimp: douche
(17:47 / Allies) machx: go fuck urself pink
(17:49 / Allies) machx: tempted to bs u
(17:50 / Allies) greasy_granny: where on the map did that happen
(17:57 / Allies) machx: just shut ur stupid trap
(17:59 / Allies) machx: dumb bitch
(18:05 / Allies) walmartpimp: right there
(18:10 / Allies) greasy_granny: funny how they won that fight
(18:12 / Allies) greasy_granny: with 300 food to spare
(19:03 / All) greasy_granny: save a wisp to rebuild
(19:09 / All) greasy_granny: 2 late
(20:39 / Allies) machx: like i said get aa
(20:49 / Allies) ZL2: what do you think i have
(21:05 / Allies) machx: pink u thik ur hot with one level 6 tinker?
(21:08 / Allies) machx: im almost level 7
(21:12 / Allies) greasy_granny: lol
(21:17 / Allies) machx: wtih an army
(21:18 / Allies) greasy_granny: this isnt dota retard
(21:23 / Allies) machx: u think so
(21:38 / Allies) greasy_granny: you got level 7 creeping like a retard while i took 2 players completely out of the game
(21:40 / Allies) greasy_granny: for my level 6
(21:48 / Allies) machx: lol sure
(21:59 / Allies) machx: yellow
(22:04 / Allies) machx: how did ur aa go
(22:04 / Allies) ZL2: yes?
(22:06 / Allies) machx: with that?
(22:10 / Allies) ZL2: splendid.
(22:15 / Allies) machx: lol thats why u tp back?
(22:23 / Allies) ZL2: hero was more important
(22:36 / Allies) greasy_granny: in dota, hero is of supreme importance
(23:23 / Allies) machx: u fucking idiots
(23:28 / Allies) machx: get aa
(23:57 / Allies) greasy_granny: purple is the onyl one with workers or a main now
(24:53 / All) greasy_granny: you guys massing up before you hit?
(24:57 / All) greasy_granny: getting to 100 food each?
(25:04 / All) greasy_granny: who will be the least dumb
(25:06 / All) greasy_granny: and fthe first to leave
(25:08 / All) machx: pink is getting his period
(25:24 / Allies) greasy_granny: machx youve only played 4 solo games ever and you lost 3 of them
(25:29 / Allies) greasy_granny: im sure you think yorue good at this game
(26:01 / Allies) greasy_granny: LOL
(26:50 / All) greasy_granny: chista is least retarded
(26:54 / All) greasy_granny: player on yoru team
(26:58 / All) greasy_granny: who will be 2nd least dumb
(27:34 / All) muchentuchenHD: dude, how much time you spend playing this game, shit you know all the little shits and outs
(27:44 / All) machx: hes a pathetic loser
(27:53 / All) machx: no life
(27:58 / All) machx: obsessed with the game
(28:01 / All) machx: Plays 24/7
(28:02 / All) machx: but still sucks
(28:10 / All) ZL2: Hes better than us lol
(28:10 / Allies) greasy_granny: says the guy with over 1000 games
(28:14 / Allies) greasy_granny: who loses 75% of his solos
(28:16 / All) machx: not really
(28:16 / All) ZL2: Is what teal s saying
(28:22 / All) muchentuchenHD: he's nuts. he must read the books and shit.
(28:29 / All) machx: how? hes not even good
(28:32 / All) machx: all he has is one tinker
(28:35 / All) machx: lower level than i
(28:38 / All) machx: lol
(28:54 / All) muchentuchenHD: he's like a harrasser extraidinaire or some shit
(29:13 / All) machx: he's a gay extraordinare
(29:25 / All) machx: i suggest continue to mass air
(29:28 / All) machx: they dont have much aa
(29:30 / All) muchentuchenHD: how gay? like sausage in the can gay?
(29:40 / All) machx: like he loves the cock
(29:51 / All) muchentuchenHD: that's pretty gay
(30:33 / All) muchentuchenHD: puh RITTY gay indeed
(31:25 / Allies) ZL2: thats quite the base you have pink lmoa
(31:29 / Allies) ZL2: artistic haha
(31:30 / Allies) greasy_granny: thx lol
(31:37 / All) muchentuchenHD: lol greasy
(31:40 / Allies) machx: autistic?
(32:36 / All) greasy_granny: my final thought for the game: 1-3 solo
(32:48 / Allies) machx: i dont play solo... lol
(32:50 / Allies) machx: who cares?